 Dungeon Crawl Stone Soup version 0.18-a0-1312-gf98331d (webtiles) character file.

1506 kasarun the Chopper (level 8, -13/71 HPs)
             Began as a Hill Orc Fighter on Feb 14, 2016.
             Was a Follower of Beogh.
             Mangled by a decayed bog body (15 damage)
             ... in an ossuary.
             The game lasted 00:31:43 (5095 turns).

kasarun the Chopper (Hill Orc Fighter)              Turns: 5095, Time: 00:31:44

Health: -13/71     AC: 11    Str: 21    XL:     8   Next: 82%
Magic:  8/8        EV:  6    Int:  8    God:    Beogh [*.....]
Gold:   146        SH: 11    Dex: 10    Spells: 0 memorised, 7 levels left

rFire  . . .     SeeInvis .     a - +1 war axe
rCold  . . .     Gourm    .     d - +0 chain mail
rNeg   . . .     Faith    .     c - +0 shield
rPois  +         Spirit   .     (no helmet)
rElec  .         Dismiss  .     (no cloak)
rCorr  .         Reflect  .     (no gloves)
SustAt .         Harm     .     (no boots)
MR     +....                    t - amulet of rage
Stlth  ..........               v - ring of protection from magic
                                m - ring of poison resistance

@: somewhat resistant to hostile enchantments, extremely unstealthy
A: no striking features
a: Renounce Religion, Evoke Berserk Rage


You were in an ossuary.
You worshipped Beogh.
Beogh was aware of your devotion.
You were hungry.

You visited 1 branch of the dungeon, and saw 5 of its levels.
You also visited: Ossuary.

You collected 146 gold pieces.

Inventory:

Hand Weapons
 a - a +1 war axe (weapon)
Armour
 b - a +0 scale mail
 c - a +0 shield (worn)
 d - a +0 chain mail (worn)
Jewellery
 m - a ring of poison resistance (left hand)
 q - a +3 ring of protection {unknown}
 t - an amulet of rage (around neck)
 v - a ring of protection from magic (right hand)
Scrolls
 g - 2 scrolls of identify
 k - a scroll of fear {unknown}
 n - a scroll of immolation {unknown}
 p - a scroll of remove curse {unknown}
Potions
 h - 4 potions of heal wounds {unknown}
 i - 2 potions of beneficial mutation {unknown}
 r - 3 potions of curing {unknown}
 s - a potion of cure mutation {unknown}
 w - 2 potions of cancellation {unknown}
Comestibles
 f - 4 bread rations
 l - a beef jerky
 o - a meat ration
 u - 2 fruits


   Skills:
 + Level 6.9 Fighting
 + Level 7.7 Axes
 + Level 6.5 Armour
 + Level 0.6 Stealth
 + Level 6.8 Shields
 + Level 0.6 Evocations


You had 7 spell levels left.
You didn't know any spells.

Dungeon Overview and Level Annotations

Branches:
Dungeon (5/15)
 Temple: D:4-7

Altars:
Dithmenos
Makhleb
Okawaru
Ru
Vehumet
Zin

Shops:
D:5 ?


Message History

You block the decayed bog body's attack.
The decayed bog body hits you.
* * * LOW HITPOINT WARNING * * *
You block the decayed bog body's attack.
Your unstable footing causes you to fumble your attack.
The decayed bog body hits you.
* * * LOW HITPOINT WARNING * * *
The decayed bog body touches you but does no damage.
Your unstable footing causes you to fumble your attack.
The decayed bog body barely misses you.
You block the decayed bog body's attack.
Your unstable footing causes you to fumble your attack.
You block the decayed bog body's attack. x2
Your unstable footing causes you to fumble your attack.
You block the decayed bog body's attack.
The decayed bog body closely misses you.
You hit the decayed bog body.
The decayed bog body is almost destroyed.
The decayed bog body hits you!
You die...

#∩..#.'.#
#.∩.'.#
#...#.'
###≈#####.###
.≈.≈M..n≈.'.#
#.≈.≈.#'#'###
#P#.# #P#M# #
#≈##n##
#≈≈@## #≈#≈≈#
####


You could see a decayed bog body and a mummy.

Vanquished Creatures
  The ghost of Duffy the Shield-Bearer, a novice FoFi (Ossuary)
  The ghost of st0uf the Shooter, an amateur CeHu (D:4)
  Menkaure (D:5)
  A sky beast (D:5)
  2 ogres (D:4)
  A scorpion (D:4)
  A vampire bat (D:3)
  A crimson imp (D:5)
  A hound (D:4)
  An orc priest (D:4)
  2 jellies (D:5)
  Crazy Yiuf (D:3)
  2 worker ants
  2 hound skeletons (D:4)
  5 mummies (Ossuary)
  A worker ant zombie (Ossuary)
  A gnoll (D:1)
  5 adders
  A shadow imp (D:5)
  An ooze (D:2)
  An adder zombie (D:4)
  A worm (D:5)
  3 fire bats (D:3)
  2 giant geckos
  6 orcs (D:3)
  2 spectral bats (D:3)
  A ball python (D:3)
  3 bat skeletons (D:3)
  A bat zombie (D:3)
  3 giant cockroaches
  5 goblins
  4 hobgoblins
  A quokka (D:5)
  26 bats
  A bat simulacrum (D:3)
  9 giant newts
  A jackal skeleton (D:4)
  8 kobolds
  8 rats
118 creatures vanquished.

Vanquished Creatures (others)
  An orc (D:4)
  5 withered plants (Ossuary)
6 creatures vanquished.

Grand Total: 124 creatures vanquished

Notes
Turn   | Place    | Note
--------------------------------------------------------------
     0 | D:1      | kasarun the Hill Orc Fighter began the quest for the Orb.
     0 | D:1      | Reached XP level 1. HP: 19/19 MP: 1/1
   198 | D:1      | Reached XP level 2. HP: 21/27 MP: 2/2
   199 | D:1      | Reached skill level 4 in Fighting
   360 | D:1      | Reached XP level 3. HP: 22/33 MP: 3/3
  1252 | D:2      | Found a shadowy altar of Dithmenos.
  1508 | D:2      | Reached XP level 4. HP: 39/41 MP: 4/4
  1930 | D:3      | Found a radiant altar of Vehumet.
  2344 | D:3      | Noticed Crazy Yiuf
  2348 | D:3      | Killed Crazy Yiuf
  2686 | D:3      | Reached XP level 5. HP: 38/47 MP: 5/5
  3069 | D:3      | Reached XP level 6. HP: 55/55 MP: 6/6
  3330 | D:4      | Noticed st0uf's ghost (amateur CeHu)
  3359 | D:3      | Reached skill level 5 in Shields
  3496 | D:4      | Killed st0uf's ghost
  3496 | D:4      | Reached skill level 5 in Fighting
  3496 | D:4      | Reached skill level 5 in Axes
  3496 | D:4      | Reached skill level 5 in Armour
  3496 | D:4      | Reached XP level 7. HP: 38/61 MP: 7/7
  3995 | D:4      | Found a sacrificial altar of Ru.
  4022 | D:4      | Found an iron altar of Okawaru.
  4025 | D:4      | Became a worshipper of Beogh the Brigand
  4129 | D:4      | Reached skill level 6 in Shields
  4239 | D:4      | Found a burning altar of Makhleb.
  4243 | D:4      | Found a glowing silver altar of Zin.
  4243 | D:4      | Noticed a green death
  4244 | D:4      | Noticed an angel
  4613 | D:5      | Entered Level 5 of the Dungeon
  4630 | D:5      | Noticed Menkaure
  4653 | D:5      | Killed Menkaure
  4653 | D:5      | Reached XP level 8. HP: 41/70 MP: 8/8
  4678 | D:5      | Found Liokur's Magic Scroll Shoppe.
  4949 | D:5      | Found a sand-covered staircase.
  4953 | Ossuary  | Entered an ossuary
  4976 | Ossuary  | Reached * piety under Beogh
  4984 | Ossuary  | Noticed Duffy's ghost (novice FoFi)
  5009 | Ossuary  | Killed Duffy's ghost
  5009 | Ossuary  | Reached skill level 7 in Axes
  5090 | Ossuary  | HP: 2/71 [decayed bog body (6)]
  5095 | Ossuary  | Mangled by a decayed bog body

Vault maps used:
D:1:      dpeg_arrival_pits, st_stairs_2
D:2:      nicolae_dithmenos_shadow_blocks, first_bread
D:3:      vehumet_crystals, hangedman_decor_clover_reticule, goddamned_bats,
          uniq_crazy_yiuf_cottage
D:4:      okawaru_gym_becter, grunt_temple_overflow_order_and_chaos_2,
          nicolae_ru_path_of_blood
D:5:      enter_ossuary_5, serial_shops, nicolae_shop_trees, uniq_menkaure
Ossuary:  ossuary_zaba_flooded

Action                   |  1- 3 |  4- 6 |  7- 9 || total
-------------------------+-------+-------+-------++-------
Melee: War axe           |   121 |   189 |   159 ||   469
Invok: Convert to Beogh  |       |       |     1 ||     1
 Abil: Evoke Berserk Rag |       |       |     2 ||     2
  Use: Potion            |     1 |     1 |       ||     2
       Scroll            |       |     5 |     2 ||     7
  Eat: Chunk             |     2 |     7 |     6 ||    15
